 Dungeon Crawl Stone Soup version 0.30-a0-900-g23479c02f2 (webtiles) character file.

Game seed: 9627835367406487780

29 cheesebisquit the Grave Robber (level 3, -6/28 HPs)
             Began as a Ghoul Necromancer on Mar 18, 2023.
             Killed from afar by Robin (16 damage)
             ... with a bolt of light
             ... on level 2 of the Dungeon.
             The game lasted 00:03:49 (1411 turns).

cheesebisquit the Grave Robber (Ghoul Necromancer)  Turns: 1411, Time: 00:03:50

Health: -6/28      AC:  2    Str: 11    XL:     3   Next: 16%
Magic:  0/5        EV: 12    Int: 12    God:
Gold:   27         SH:  0    Dex:  9    Spells: 5/6 levels left

rFire   . . .      SeeInvis .      - Unarmed
rCold   + . .      Faith    .    (no shield)
rNeg    + + +      Spirit   .    a - +0 robe
rPois   ∞          Reflect  .    (no helmet)
rElec   .          Rampage  .    (no cloak)
rCorr   .                        (no gloves)
Will    .....                    (no boots)
Stlth   ++                       (no amulet)
HPRegen 0.00/turn                (no ring)
MPRegen 0.09/turn                (no ring)

@: inhibited regen
A: claws 1, cold resistance 1, negative energy resistance 3, inhibited
regeneration, torment resistance 2, devour on kill
a: no special abilities


You were on level 2 of the Dungeon.
You visited 1 branch of the dungeon, and saw 2 of its levels.

You collected 27 gold pieces.

Inventory:

Armour
 a - a +0 robe (worn)
 f - a +0 chain mail
Scrolls
 c - a scroll of identify {unknown}
 d - 2 scrolls of amnesia {unknown}
 g - a scroll of butterflies {unknown}
Potions
 e - a potion of mutation {unknown}


   Skills:
 + Level 1.2 Fighting
 - Level 1.7 Dodging
 - Level 2.1 Stealth
 + Level 1.3 Unarmed Combat
 + Level 2.1 Spellcasting
 + Level 4.2 Necromancy


You had 5 spell levels left.
You knew the following spells:

 Your Spells              Type           Power      Damage    Failure   Level
a - Necrotise             Necr           44%        1d6       4%          1

Your spell library contained the following spells:

 Spells                   Type           Power      Damage    Failure   Level
 Vampiric Draining        Necr           11%        2d6       14%         3
 Animate Dead             Necr           11%        N/A       43%         4
 Dazzling Flash           Conj/Hex       2%         N/A       63%         3
 Agony                    Necr           11%        N/A       78%         5
 Silence                  Hex/Air        0%         N/A       100%        5


Dungeon Overview and Level Annotations

Branches:
Dungeon (2/15)

Altars:

Annotations:
D:2 Robin


Innate Abilities, Weirdness & Mutations

You are immune to poison.
You have sharp fingernails.
Your flesh is cold resistant. (rC+)
You are immune to negative energy. (rN+++)
You do not regenerate when monsters are visible.
You are immune to unholy pain and torment.
You thrive by killing the living.


Message History

Your goblin skeleton crumbles into dust!
A hobgoblin is nearby!
The hobgoblin writhes in agony.
The hobgoblin writhes in agony.
You kill the hobgoblin!
The dead are walking!
You can't see any susceptible monsters within range! (Use Z to cast anyway.)
You swap places.
You now have 27 gold pieces (gained 9).
You see here a +0 club.
You swap places.
Your hobgoblin skeleton crumbles into dust!
Items here: ))) †.
A rat comes into view.
The rat writhes in agony.
You kill the rat!
The dead are walking!
You swap places.
Your rat skeleton crumbles into dust!
Robin shouts!
Robin struggles to resist.
Robin writhes in agony.
Robin closely misses you.
Robin struggles to resist.
Robin hits you from afar with a +2 vampiric spear.
Robin writhes in agony.
Robin hits you from afar with a +2 vampiric spear.
Robin writhes in agony.
Robin zaps a wand.
The bolt of light hits you!
You are confused.
Robin hits you with a +2 vampiric spear.
You bump into the rock wall.
You feel less confused.
Robin zaps a wand.
The bolt of light misses you.
You scratch Robin.
Robin is almost dead.
Robin closely misses you.
You barely miss Robin.
Robin is almost dead.
Robin zaps a wand.
The bolt of light hits you!
Ouch! That really hurt!
You die...

#### #####...
#################....#.#
#...................###Z
#.#####.############.#.#
#.### #.# ##...##..#
....g.#.# ###.....##.#
......#@#####.......##.#
......g.................
......#)#####.##...###..
......#.# ##.## ###
..... #.# #.# .......
#.# #.###.### ..... #.#
#.......# .... #.#
#######.# #.## #.# ##.##


You could see Robin.

Vanquished Creatures
  An endoplasm (D:1)
  9 goblins (D:2)
  4 hobgoblins (D:2)
  3 jackals (D:1)
  A quokka (D:1)
  2 bats (D:1)
  A frilled lizard (D:1)
  A kobold (D:1)
  A rat (D:2)
23 creatures vanquished.

Vanquished Creatures (collateral kills)
  A goblin (D:2)
1 creature vanquished.

Grand Total: 24 creatures vanquished

Notes
Turn   | Place    | Note
-------+----------+-------------------------------------------
     0 | D:1      | cheesebisquit the Ghoul Necromancer began the quest for the
                  | Orb.
     0 | D:1      | Reached XP level 1. HP: 14/14 MP: 2/2
   207 | D:1      | Reached XP level 2. HP: 21/22 MP: 0/3
  1220 | D:2      | Noticed Robin
  1231 | D:2      | Reached skill level 1 in Fighting
  1231 | D:2      | Reached skill level 1 in Unarmed Combat
  1264 | D:2      | Reached XP level 3. HP: 19/28 MP: 0/5
  1411 | D:2      | Killed from afar by Robin

Illustrated notes

Levels and vault maps discovered:
D:1:      lemuel_arrival_cross, layout_basic
D:2:      layout_loops_ring, uniq_robin, uniq_terence

Skill      XL: |  1  2 |
---------------+-------+-----
Spellcasting   | 2 |  2.1
Fighting       | 1 |  1.2
Unarmed Combat | 1 |  1.3
Dodging        | |  1.7
Stealth        | |  2.1
Necromancy     | |  4.2

Action                     || total
---------------------------++-------
  Melee: Unarmed           ||    39
         Punch             ||     1
   Cast: Necrotise         ||    38
    Use: Potion            ||     1
 Armour: Robe              ||    11
  Dodge: Dodged            ||    31

Table legend: (Time is in decaauts)
 A = Elapsed time spent in this place.
 B = Non-inter-level travel time spent in this place.
 C = Inter-level travel time spent in this place.
 D = Time resting spent in this place.
 E = Time spent auto-exploring this place.
 F = Levels seen in this place.
 G = Mean time per level.
                   A        B        C        D        E       F      G
               +--------+--------+--------+--------+--------+-----+--------+
         Total |   1410 |   1311 |     99 |      0 |   1151 |   2 |  705.0 |
       Dungeon |   1410 |   1311 |     99 |      0 |   1151 |   2 |  705.0 |
               +--------+--------+--------+--------+--------+-----+--------+

Top non-repeatable levels by time:
     D:1: 1073 daAuts
     D:2: 336 daAuts
